 Dungeon Crawl Stone Soup version 0.29.1-1-gd02db6906a (webtiles) character file.

Game seed: 17656371815969037891

92 Icepheonix32 the Insei (level 4, -5/32 HPs)
             Began as a Merfolk Transmuter on Oct 3, 2022.
             Killed by divine providence
             ... invoked by an orc priest
              (8 damage)
             ... on level 3 of the Dungeon.
             The game lasted 00:02:22 (2245 turns).

Icepheonix32 the Insei (Merfolk Transmuter)         Turns: 2245, Time: 00:02:22

Health: -5/32      AC:  3    Str: 10    XL:     4   Next: 60%
Magic:  7/7        EV: 13    Int: 14    God:
Gold:   111        SH:  0    Dex: 14    Spells: 6/7 levels left

rFire   . . .      SeeInvis .     - Unarmed
rCold   + . .      Faith    .   (no shield)
rNeg    . . .      Spirit   .   a - +1 robe
rPois   .          Reflect  .   (helmet currently unavailable)
rElec   .          Harm     .   (no cloak)
rCorr   .          Rampage  .   (no gloves)
Will    .....                   (boots currently unavailable)
Stlth   +.........              (no amulet)
HPRegen 0.10/turn               j - ring of protection from cold
MPRegen 0.10/turn               (no ring)

@: appendages (expiring)
A: horns 2, (nimble swimmer 2), mertail
a: End Transformation


You were on level 3 of the Dungeon.
You had temporarily grown beastly horns.
You visited 1 branch of the dungeon, and saw 3 of its levels.

You collected 111 gold pieces.

Inventory:

Armour
 a - a +1 robe (worn)
Jewellery
 j - a ring of protection from cold (left hand)
Scrolls
 d - a scroll of teleportation
Potions
 c - a potion of cancellation
 e - a potion of haste
 f - a potion of might
 l - a potion of flight


   Skills:
 + Level 1.2 Fighting
 + Level 3.6 Dodging
 + Level 0.5 Stealth
 + Level 4.1 Unarmed Combat
 + Level 2.4 Spellcasting
 * Level 4.1 Transmutations


You had 6 spell levels left.
You knew the following spells:

 Your Spells              Type           Power      Damage    Failure   Level
a - Beastly Appendage     Tmut           26%        N/A       4%          1

Your spell library contained the following spells:

 Spells                   Type           Power      Damage    Failure   Level
 Wereblood                Tmut           13%        N/A       6%          2
 Spider Form              Tmut/Pois      7%         N/A       28%         3
 Confusing Touch          Hex            1%         N/A       56%         3
 Dazzling Flash           Conj/Hex       2%         N/A       56%         3
 Ice Form                 Ice/Tmut       7%         N/A       67%         4
 Yara's Violent Unravell  Hex/Tmut       3%         3d4       95%         5
 Agony                    Necr           1%         N/A       99%         5
 Silence                  Hex/Air        0%         N/A       99%         5
 Enfeeble                 Hex            0%         N/A       100%        7


Dungeon Overview and Level Annotations

Branches:
Dungeon (3/15)

Altars:

Annotations:
D:2 1 runed translucent door, Crazy Yiuf


Innate Abilities, Weirdness & Mutations

You have temporarily grown beastly horns.
((You are very nimble when in or above water. (Stealth+, EV+, Speed+++)))
Your lower body shifts to a powerful aquatic tail in water.


Message History

The orc wizard flickers and vanishes!
Deactivating autopickup; reactivate with Ctrl-A.
You closely miss something. Something hits you.
* * * LOW HITPOINT WARNING * * *
You closely miss something. Your headbutt misses something.
Something barely misses you.
You closely miss something. Something hits you.
* * * LOW HITPOINT WARNING * * *
You barely miss something. You headbutt something.
Reactivating autopickup.
You feel a bit more experienced.
Your Unarmed Combat skill increases to level 4!
Your Transmutations skill increases to level 4!
You hit the orc. Your headbutt misses the orc.
The orc is heavily wounded.
The orc barely misses you.
You closely miss the orc. Your headbutt misses the orc.
The orc is heavily wounded.
The orc hits you with a +0 dagger.
* * * LOW HITPOINT WARNING * * *
An orc priest comes into view. It is wielding a +0 falchion.
The orc priest shouts!
You hit the orc.
You kill the orc!
You barely miss the orc. Your headbutt misses the orc.
Your transformation is almost over.
The orc hits you but does no damage.
You barely miss the orc. You headbutt the orc.
The orc is heavily wounded.
The orc drinks a potion.
The orc is healed!
You barely miss the orc. The orc barely misses you.
You hit the orc. Your headbutt misses the orc.
The orc is moderately wounded.
The orc hits you with a +0 hand axe.
* * * LOW HITPOINT WARNING * * *
You hit the orc but do no damage.
The orc is moderately wounded.
The orc priest invokes the aid of Beogh against you.
Beogh smites you!
You die...

.. ## ..###.. ..##
#.....# )..#
#.#..##
##..###..)...
..........!
.####......#####.##
...........@oro...#
###....#####.....
##...# .(.
####....# .
#########....#.##
.....#....####.#
.....#.#### #..
.......# #)..
..<..### #.##.


You could see an orc priest, an orc and a quokka.

Vanquished Creatures
  Terence (D:2)
  An orc wizard (D:3)
  A dart slug (D:2)
  4 orcs (D:3)
  3 ball pythons
  4 hobgoblins
  3 kobolds
  2 quokkas
  5 bats
  5 frilled lizards
  4 goblins
  3 rats
36 creatures vanquished.

Notes
Turn   | Place    | Note
-------+----------+-------------------------------------------
     0 | D:1      | Icepheonix32 the Merfolk Transmuter began the quest for the
                  | Orb.
     0 | D:1      | Reached XP level 1. HP: 15/15 MP: 3/3
   488 | D:1      | Reached XP level 2. HP: 1/21 MP: 3/5
   962 | D:1      | Found a faded altar of an unknown god.
  1307 | D:2      | Noticed Terence
  1317 | D:2      | Killed Terence
  1318 | D:2      | Reached XP level 3. HP: 26/26 MP: 4/6
  1969 | D:2      | Found a runed translucent door.
  1970 | D:2      | Noticed Crazy Yiuf
  2129 | D:3      | Reached XP level 4. HP: 32/32 MP: 5/7
  2245 | D:3      | Killed from afar by an orc priest

Illustrated notes

Levels and vault maps discovered:
D:1:      giann_horns, layout_basic, basic_ecumenical_altar, kennysheep_boxes
D:2:      layout_loops_ring, uniq_terence, uniq_crazy_yiuf_cottage
D:3:      layout_rooms, minitemple

Skill      XL: |  1  2  3  4 |
---------------+-------------+-----
Dodging        | 3 |  3.6
Transmutations | 3 4 |  4.1
Unarmed Combat | 4 |  4.1
Fighting       | |  1.2
Stealth        | |  0.5
Spellcasting   | |  2.4

Action                   |  1- 3 |  4- 6 || total
-------------------------+-------+-------++-------
Melee: Unarmed           |    62 |    41 ||   103
       Headbutt          |    11 |     3 ||    14
       Punch             |       |     2 ||     2
 Cast: Beastly Appendage |    21 |     2 ||    23
  Use: Potion            |     4 |     3 ||     7
       Scroll            |     3 |     4 ||     7
Armor: Robe              |    10 |     5 ||    15
       Skin              |     3 |       ||     3
Dodge: Dodged            |    31 |    16 ||    47
